 Dungeon Crawl Stone Soup version 0.21-a0-186-g02e8684 (webtiles) character file.

229 wolfsongas the Poker (level 5, -3/41 HPs)
             Began as a Demonspawn Fighter on Aug 13, 2017.
             Slain by rin1221's ghost (4 damage)
             ... on level 4 of the Dungeon.
             The game lasted 00:06:03 (3053 turns).

wolfsongas the Poker (Demonspawn Fighter)           Turns: 3053, Time: 00:06:04

Health: -3/41      AC: 10    Str: 17 (18) XL:     5   Next: 71%
Magic:  4/4        EV:  4    Int: 12 (14) God:
Gold:   112        SH:  8    Dex:  9 (12) Spells: 4/4 levels left

rFire    . . .     SeeInvis .   a - +0 trident
rCold    . . .     Gourm    .   c - +0 shield
rNeg     . . .     Faith    .   b - +0 scale mail
rPois    .         Spirit   .   j - +0 helmet
rElec    .         Reflect  .   (no cloak)
rCorr    .         Harm     .   g - +0 pair of gloves
MR       .....                  (no boots)
Stlth    ..........             d - amulet of inaccuracy (curse)
HPRegen  0.13/turn              i - +3 ring of intelligence
MPRegen  0.09/turn              k - -2 ring of evasion (curse)

@: lethally poisoned (-3 -> -5)
A: iridescent scales 1, clever 1, demonic guardian 1, foul stench 1, low mp 1,
mutation resistance 1, rot immunity
a: no special abilities


You were on level 4 of the Dungeon.
You were not hungry.

You visited 1 branch of the dungeon, and saw 4 of its levels.

You collected 112 gold pieces.

Inventory:

Hand Weapons
 a - a +0 trident (weapon)
 h - a +0 halberd
Armour
 b - a +0 scale mail (worn)
 c - a +0 shield (worn)
 g - a +0 pair of gloves (worn)
 j - a +0 helmet (worn)
Jewellery
 d - a cursed amulet of inaccuracy (around neck)
 i - a +3 ring of intelligence (left hand)
 k - a cursed -2 ring of evasion (right hand)
Scrolls
 l - a scroll of fog
 m - 2 scrolls of identify
 n - a scroll of enchant weapon
 q - 2 scrolls of teleportation
Comestibles
 p - a meat ration
 s - 2 royal jellies
 t - a bread ration


   Skills:
 - Level 3.0 Fighting
 * Level 5.5 Polearms
 - Level 2.6 Armour
 - Level 2.6 Shields


You had 4 spell levels left.
You didn't know any spells.

Dungeon Overview and Level Annotations

Branches:
Dungeon (4/15)             Temple (0/1) D:4

Altars:
Fedhas
Hepliaklqana

Annotations:
D:4 rin1221's ghost, novice DECj


Innate Abilities, Weirdness & Mutations

You are partially covered in iridescent scales. (AC +2)
A weak demonic guardian rushes to your aid.
You may emit foul miasma when damaged in melee.
You are immune to rotting.
Your mind is acute. (Int +2)
Your magical capacity is low. (-10% MP)
You are somewhat resistant to further mutation.


Message History

You barely miss rin1221's ghost.
Rin1221's ghost is lightly damaged.
You feel sick. You block the adder's attack. The worm misses your quasit.
The quokka closely misses your quasit. Rin1221's ghost hits you.
* * * LOW HITPOINT WARNING * * *
You miss rin1221's ghost.
Rin1221's ghost is lightly damaged.
The adder bites you.
* * * LOW HITPOINT WARNING * * *
The quokka misses your quasit. Rin1221's ghost hits you.
* * * LOW HITPOINT WARNING * * *
The worm misses your quasit. The adder bites you but does no damage.
You miss rin1221's ghost.
Rin1221's ghost is lightly damaged.
Your quasit is no longer blind.
The quokka barely misses your quasit.
Your quasit closely misses rin1221's ghost. x2
Your quasit claws rin1221's ghost but does no damage.
The adder bites you but does no damage. Rin1221's ghost hits you.
You die...

#P.PPP...##
#.##.
#..P.PcP...#
###....
#.#PP_PP #.#
#...... #.#.PPP
# #.##### # #.
P #.# #. #.# #.
# #.#
#.######.####.
##.#####
#....S@.......
#.<.....
....?.W5..#####
#..####.
##.....wr.#
#..# ##
#######'## #..#
.. #..# ...
.... >.. ##..#
.... #..#


You could see a worm, rin1221's ghost, an adder, a quokka and a friendly quasit.

Vanquished Creatures
  Terence (D:1)
  A worker ant (D:3)
  Robin (D:2)
  4 gnolls (D:3)
  3 adders
  An ooze (D:1)
  An adder skeleton (D:4)
  3 worms
  A dart slug (D:1)
  6 orcs
  8 bats
  4 giant cockroaches
  9 goblins
  10 hobgoblins
  4 jackals
  12 kobolds
  A quokka (D:2)
  A ball python (D:2)
  6 frilled lizards
  8 rats
85 creatures vanquished.

Notes
Turn   | Place    | Note
-------+----------+-------------------------------------------
     0 | D:1      | wolfsongas the Demonspawn Fighter began the quest for the Orb.
     0 | D:1      | Reached XP level 1. HP: 18/18 MP: 1/1
    32 | D:1      | Reached skill level 2 in Polearms
    94 | D:1      | Gained mutation: You are immune to rotting. [demonic ancestry]
    94 | D:1      | Reached XP level 2. HP: 17/24 MP: 2/2
   459 | D:1      | Reached skill level 3 in Polearms
   736 | D:2      | Gained mutation: You are partially covered in iridescent scales. (AC +2) [demonic ancestry]
   736 | D:2      | Reached XP level 3. HP: 29/29 MP: 3/3
   746 | D:2      | Noticed Terence
   747 | D:2      | Noticed Robin
  1013 | D:1      | Killed Terence
  1013 | D:1      | Gained mutation: You may emit foul miasma when damaged in melee. [demonic ancestry]
  1013 | D:1      | Reached XP level 4. HP: 6/35 MP: 4/4
  1016 | D:1      | Reached skill level 4 in Polearms
  1346 | D:2      | Killed Robin
  1975 | D:3      | Gained mutation: A weak demonic guardian rushes to your aid. [demonic ancestry]
  1975 | D:3      | Reached XP level 5. HP: 34/41 MP: 5/5
  2069 | D:3      | Found a hazy altar of Hepliaklqana.
  2077 | D:3      | Reached skill level 5 in Polearms
  2867 | D:4      | Found a blossoming altar of Fedhas.
  2868 | D:4      | Noticed a centaur
  3042 | D:4      | Found a staircase to the Ecumenical Temple.
  3042 | D:4      | Noticed rin1221's ghost (novice DECj)
  3044 | D:4      | Gained mutation: Your mind is acute. (Int +2) [potion of mutation]
  3044 | D:4      | Gained mutation: Your magical capacity is low. (-10% MP) [potion of mutation]
  3044 | D:4      | Gained mutation: You are somewhat resistant to further mutation. [potion of mutation]
  3052 | D:4      | HP: 1/41 [rin1221's ghost (6)]
  3053 | D:4      | Slain by rin1221's ghost

Vault maps used:
D:1:      shiori_arrival_maze, minmay_misc_feat_iff, minmay_misc_feat_square
D:2:      glass_columns_a, uniq_terence, uniq_robin
D:3:      old_standard_altar
D:4:      temple_green, fedhas_bush_and_centaur_altar

Skill      XL: |  1  2  3  4  5 |
---------------+----------------+-----
Polearms       | 2 3 4 5 |  5.5
Fighting       | |  3.0
Armour         | |  2.6
Shields        | |  2.6

Action                   |  1- 3 |  4- 6 || total
-------------------------+-------+-------++-------
Melee: Trident           |   121 |   234 ||   355
  Use: Potion            |     2 |     7 ||     9
       Scroll            |       |     7 ||     7
  Eat: Bread ration      |       |     2 ||     2
Armor: Scale mail        |    57 |   121 ||   178
Dodge: Dodged            |    25 |    85 ||   110
Block: Shield            |    66 |   107 ||   173
